 Dungeon Crawl Stone Soup version 0.28.0-45-g0d030f2227 (webtiles) character file.

Game seed: 14382237914056621443

226 DuloT34 the Shooter (level 6, -8/43 HPs)
             Began as a Barachi Arcane Marksman on Apr 11, 2022.
             Was an Initiate of Uskayaw.
             Mangled by a gnoll
             ... wielding a +1 flail of distortion
              (24 damage)
             ... on level 3 of the Dungeon.
             The game lasted 00:15:35 (3856 turns).

DuloT34 the Shooter (Barachi Arcane Marksman)       Turns: 3856, Time: 00:15:36

Health: -8/43      AC:  2    Str: 11    XL:     6   Next: 1%
Magic:  4/8        EV: 12    Int: 13    God:    Uskayaw [......]
Gold:   121        SH:  0    Dex: 15    Spells: 4/8 levels left

rFire   . . .      SeeInvis .   a - +0 shortbow
rCold   . . .      Faith    .   (shield currently unavailable)
rNeg    . . .      Spirit   .   d - +0 robe
rPois   .          Reflect  .   (no helmet)
rElec   .          Harm     .   k - scarf {+Inv}
rCorr   .          Rampage  .   (no gloves)
Will    .....                   (no boots)
Stlth   ++........              (no amulet)
HPRegen 0.14/turn               (no ring)
MPRegen 0.11/turn               (no ring)

@: unable to hop, slow
A: amphibious, slowness 1, strong legs 1, +LOS
a: Hop, Renounce Religion, Evoke Invisibility


You were on level 3 of the Dungeon.
You worshipped Uskayaw.
Uskayaw was noncommittal.
You visited 1 branch of the dungeon, and saw 4 of its levels.

You collected 121 gold pieces.

Inventory:

Hand Weapons
 a - a +0 shortbow (weapon)
 b - a +0 short sword of venom
Missiles
 c - 45 arrows (quivered ammo)
Armour
 d - a +0 robe (worn)
 k - a scarf of invisibility (worn)
Scrolls
 f - 2 scrolls of teleportation
 g - 2 scrolls of amnesia
 l - a scroll of brand weapon {unknown}
Potions
 e - a potion of brilliance {unknown}
 h - a potion of berserk rage {unknown}
 i - a potion of attraction {unknown}
 j - a potion of heal wounds {unknown}


   Skills:
 - Level 1.2 Fighting
 + Level 5.6 Bows
 - Level 2.1 Dodging
 - Level 0.7 Stealth
 + Level 1.7 Spellcasting
 - Level 0.5 Conjurations
 - Level 3.2 Hexes
 + Level 0.5 Translocations


You had 4 spell levels left.
You knew the following spells:

 Your Spells              Type           Power      Damage    Failure   Level
a - Slow                  Hex            36%        N/A       7%          1
b - Magic Dart            Conj           8%         1d3       22%         1
c - Blink                 Tloc           4%         N/A       32%         2

Your spell library contained the following spells:

 Spells                   Type           Power      Damage    Failure   Level
 Portal Projectile        Hex/Tloc       12%        N/A       34%         3
 Call Imp                 Summ           1%         N/A       36%         2
 Inner Flame              Hex/Fire       5%         N/A       36%         3
 Lesser Beckoning         Tloc           2%         N/A       54%         3
 Cause Fear               Hex            4%         N/A       56%         4
 Mephitic Cloud           Conj/Pois/Air  1%         N/A       58%         3
 Manifold Assault         Tloc           2%         N/A       99%         5


Dungeon Overview and Level Annotations

Branches:
Dungeon (4/15)
 Temple: D:4-7

Altars:
Uskayaw
Wu Jian

Annotations:
D:3 1 runed translucent door, Crazy Yiuf


Innate Abilities, Weirdness & Mutations

You are amphibious.
You cover ground slowly.
You can hop short distances.
You have an extended range of vision and can be seen from far away.


Message History

You start resting.
HP restored.
You see here a +0 mace.
There is a stone staircase leading down here.
Could not explore, unopened runed door.
(D) Dungeon
Where to? (Enter - D:4, ? - help)
Okay, then.
(D) Dungeon
Where to? (Enter - D:4, ? - help)
(D) Dungeon
Where to? (Enter - D:4, ? - help)
Okay, then.
There is a stone staircase leading down here.
You climb downwards.
The gnoll hits you with a +1 flail of distortion.
Space warps horribly around you!! The gnoll closely misses you.
There is a stone staircase leading up here.
The gnoll closely misses you. x3
You climb upwards.
Level annotation: 1 runed translucent door, Crazy Yiuf
There is a stone staircase leading down here.
Casting: Slow (safe; 7% risk of failure)
Confirm with . or Enter, or press ? or * to list all spells.
Aiming: Slow (safe; 7% risk of failure)
Press: ? - help, Shift-Dir - straight line, f - gnoll
Aim: a gnoll, wielding a +1 flail of distortion (chance to affect: 55%)
The gnoll seems to slow down.
You stomp with the beat, sending a shockwave through the revellers around you!
The gnoll is heavily wounded.
You can no longer stomp with the beat.
You are too injured to fight recklessly!
Fire: 46 arrows
Press: ? - help, Q - select action, (/) - cycle Shift-Dir - straight line, f/p - gnoll
Aim: a gnoll, wielding a +1 flail of distortion (heavily wounded, slow, 64% to hit)
You shoot an arrow. The arrow barely misses the gnoll.
The gnoll hits you with a +1 flail of distortion.
Space warps horribly around you!!
Ouch! That really hurt!
You die...

##########
#..>.g@..#
#.######.# #.# #.#
#^# #.#
###########.# #.#
............# #.#
...########## #.#
##.# #.# ...#
##########.########


You could see a gnoll (slow).

Vanquished Creatures
  A necrophage (D:3)
  An orc wizard (D:3)
  4 adders
  A dart slug (D:3)
  6 orcs
  4 ball pythons
  6 endoplasms
  2 giant cockroaches
  4 goblins
  4 hobgoblins
  3 jackals (D:3)
  5 kobolds
  4 quokkas
  5 bats
  5 frilled lizards
  2 rats
57 creatures vanquished.

Vanquished Creatures (others)
  An orc wizard (D:3)
  A fungus (D:3)
2 creatures vanquished.

Grand Total: 59 creatures vanquished

Notes
Turn   | Place    | Note
-------+----------+-------------------------------------------
     0 | D:1      | DuloT34 the Barachi Arcane Marksman began the quest for the
                  | Orb.
     0 | D:1      | Reached XP level 1. HP: 15/15 MP: 2/2
    99 | D:1      | Reached XP level 2. HP: 21/21 MP: 3/3
   349 | D:1      | Reached skill level 3 in Bows
   976 | D:2      | Reached XP level 3. HP: 26/26 MP: 5/5
  1045 | D:2      | Learned a level 1 spell: Magic Dart
  1139 | D:2      | Found a faded altar of an unknown god.
  1155 | D:2      | Prayed at the altar of an unknown god.
  1155 | D:2      | Became a worshipper of Uskayaw the Reveller
  1155 | D:2      | Reached * piety under Uskayaw
  1238 | D:2      | Reached ** piety under Uskayaw
  1389 | D:2      | Reached skill level 4 in Bows
  1389 | D:2      | Reached XP level 4. HP: 12/32 MP: 3/6
  1740 | D:3      | Noticed a necrophage
  1757 | D:3      | Killed a necrophage
  1758 | D:3      | Reached skill level 5 in Bows
  1758 | D:3      | Reached XP level 5. HP: 18/37 MP: 1/7
  2550 | D:3      | Found a runed translucent door.
  2551 | D:3      | Noticed Crazy Yiuf
  3165 | D:3      | Found an ornate altar of the Wu Jian Council.
  3313 | D:4      | Learned a level 2 spell: Blink
  3563 | D:4      | Reached XP level 6. HP: 41/43 MP: 6/8
  3856 | D:3      | Mangled by a gnoll

Illustrated notes

Levels and vault maps discovered:
D:1:      lightli_arrival_boilingwater, layout_basic, serial_forest,
          infiniplex_forest_clump_medium, infiniplex_forest_clump_curved,
          infiniplex_forest_end_double, infiniplex_forest_3_way,
          infiniplex_forest_clump_diagonal, infiniplex_forest_lined_3_way
D:2:      layout_rooms, shapermc_ecumenical_altar_pompeii
D:3:      layout_loops_ring, nzn_wu_jian_council_hall, uniq_crazy_yiuf_cottage
D:4:      layout_gridville, fedhas_altar_4, lemuel_coloured_pillars_altar,
          temple_green, uniq_blork_the_orc

Skill      XL: |  1  2  3  4 |
---------------+-------------+-----
Bows           | 3 4 5 |  5.6
Fighting       | |  1.2
Dodging        | |  2.1
Stealth        | |  0.7
Spellcasting   | |  1.7
Conjurations   | |  0.5
Hexes          | |  3.2
Translocations | |  0.5

Action                   |  1- 3 |  4- 6 || total
-------------------------+-------+-------++-------
Melee: Shortbow          |       |     1 ||     1
 Fire: Shortbow          |    69 |    97 ||   166
 Cast: Magic Dart        |    14 |    11 ||    25
       Slow              |       |     3 ||     3
Invok: Stomp             |       |     3 ||     3
 Abil: Hop               |       |     1 ||     1
  Use: Scroll            |       |     5 ||     5
Armor: Robe              |     5 |     6 ||    11
Dodge: Dodged            |    20 |    35 ||    55
